 Dungeon Crawl Stone Soup version 0.17-a0-1115-g0372368 (webtiles) character file.

8915 Hanyuu the Martial Artist (level 11, -3/74 HPs)
             Began as an Octopode Transmuter on May 23, 2015.
             Was a High Priest of Makhleb.
             Slain by a komodo dragon (23 damage)
             ... on level 2 of the Lair of Beasts on May 24, 2015.
             The game lasted 00:48:28 (11984 turns).

Hanyuu the Martial Artist (Octopode Transmuter)    Turns: 11984, Time: 00:48:29

Health: -3/74      AC:  5    Str:  9    XL:     11   Next: 38%
Magic:  16/19      EV: 28    Int: 20    God:    Makhleb [*****.]
Gold:   507        SH:  0    Dex: 20    Spells: 5 memorised, 8 levels left

rFire  . . .     SeeInvis .       - Unarmed
rCold  + . .     Clarity  +     (shield currently unavailable)
rNeg   . . .     SustAt   +     (helmet currently unavailable)
rPois  .         Gourm    .     G - amulet of resist corrosion
rElec  .         Spirit   .     j - +3 ring of protection
rCorr  +         Warding  .     L - ring "Toluf" {SustAt -Tele rPois rC+ Int+3}
rMut   .         NoTele   +     (no ring)
MR     .....                    (no ring)
Stlth  ++........               (no ring)
                                (no ring)
                                (no ring)
                                (no ring)

@: spider-form, not resistant to hostile enchantments, unstealthy
A: almost no armour, amphibious, 8 rings, (constrict 8), (camouflage 0),
clarity, (gelatinous body 0)
a: End Transformation, Minor Destruction, Lesser Servant of Makhleb, Major
Destruction, Greater Servant of Makhleb, Renounce Religion


You were on level 2 of the Lair of Beasts.
You worshipped Makhleb.
Makhleb was extremely pleased with you.
You were not hungry.
You were a venomous arachnid creature.
You visited 3 branches of the dungeon, and saw 13 of its levels.

You collected 507 gold pieces.

Inventory:

Hand weapons
 b - a +4 blowgun
Missiles
 e - 16 poisoned needles
 o - 8 javelins (quivered)
 p - an exploding tomahawk
 s - 7 needles of paralysis
 t - 23 tomahawks
 v - 165 arrows
 x - 10 curare-tipped needles
Armour
 r - a +2 hat (melded)
Jewellery
 j - a +3 ring of protection (left front leg)
 G - an amulet of resist corrosion (around neck)
 H - an uncursed ring of teleportation
 L - the ring "Toluf" (right front leg) {SustAt -Tele rPois rC+ Int+3}
   (You found it on level 8 of the Dungeon)

   [ring of sustain attributes]

   It sustains your strength, intelligence and dexterity.
   It affects your intelligence (+3).
   It protects you from cold.
   It protects you from poison.
   It prevents most forms of teleportation.
Magical devices
 h - a wand of draining (9)
 y - a wand of frost (48)
 E - a wand of paralysis (7)
 K - a wand of slowing (25)
 P - a wand of disintegration (11)
Scrolls
 k - a scroll of teleportation
 C - 2 scrolls of silence
 I - a scroll of amnesia
 J - a scroll of magic mapping
 M - 2 scrolls of remove curse
 Q - a scroll of blinking
Potions
 a - a potion of might
 i - a potion of cancellation
 l - 7 potions of curing
 m - 2 potions of invisibility
 n - 2 potions of magic
 q - 2 potions of brilliance
 u - 2 potions of lignification
 w - a potion of resistance
 z - a potion of flight
 A - a potion of mutation {unknown}
 D - a potion of ambrosia
 R - a potion of haste {unknown}
Books
 d - a book of Minor Magic

   Spells                             Type                      Level
   a - Magic Dart                     Conjuration                  1
   b - Blink                          Translocation                2
   c - Call Imp                       Summoning                    2
   d - Repel Missiles                 Charms/Air                   2
   e - Slow                           Hexes                        2
   f - Conjure Flame                  Conjuration/Fire             3
   g - Mephitic Cloud                 Conjuration/Poison/Air       3
 B - a book of Changes

   Spells                             Type                      Level
   a - Beastly Appendage              Transmutation                1
   b - Sticks to Snakes               Transmutation                2
   c - Spider Form                    Transmutation/Poison         3
   d - Ice Form                       Ice/Transmutation            4
   e - Blade Hands                    Transmutation                5
 F - a Young Poisoner's Handbook

   Spells                             Type                      Level
   a - Sting                          Conjuration/Poison           1
   b - Cure Poison                    Poison                       2
   c - Mephitic Cloud                 Conjuration/Poison/Air       3
   d - Olgreb's Toxic Radiance        Poison                       4
   e - Venom Bolt                     Conjuration/Poison           5
 N - a book of the Tempests

   Spells                             Type                      Level
   a - Static Discharge               Conjuration/Air              3
   b - Lightning Bolt                 Conjuration/Air              5
   c - Fireball                       Conjuration/Fire             5
   d - Tornado                        Air                          9
   e - Shatter                        Earth                        9
Comestibles
 c - 7 bread rations
 f - a beef jerky
 g - 9 meat rations


   Skills:
 + Level 6.4 Fighting
 + Level 1.0 Throwing
 + Level 7.4 Dodging
 * Level 12.1 Unarmed Combat
 + Level 5.4 Spellcasting
 - Level 5.4 Transmutations
 - Level 1.0 Fire Magic
 - Level 3.1 Poison Magic
 - Level 1.0 Invocations


You had 8 spell levels left.
You knew the following spells:

 Your Spells              Type           Power        Failure   Level  Hunger
a - Beastly Appendage     Trmt           ####..       6%          1    None
b - Sticks to Snakes      Trmt           ####......   8%          2    None
c - Spider Form           Trmt/Pois      ###.......   21%         3    ##.....
d - Conjure Flame         Conj/Fire      #.......     52%         3    ##.....
e - Mephitic Cloud        Conj/Pois/Air  #.......     45%         3    ##.....


Dungeon Overview and Level Annotations

Branches:
Dungeon (10/15)            Temple (1/1) D:5            Lair (2/8) D:8
    Orc: D:9-12

Altars:
Ashenzari
Dithmenos
Elyvilon
Fedhas
Gozag
Makhleb
Nemelex Xobeh
Okawaru
Qazlal
Ru
Sif Muna
Xom
Zin


Innate Abilities, Weirdness & Mutations

You cannot wear most types of armour.
You are amphibious.
You can wear up to eight rings at the same time.
((You can use your tentacles to constrict eight enemies at once.))
((Your skin changes colour to match your surroundings (Stealth).))
((Your rubbery body absorbs attacks (AC +1).))
You possess an exceptional clarity of mind.


Message History

The komodo dragon is heavily wounded.
The komodo dragon barely misses you.
You completely miss the komodo dragon.
You pierce the komodo dragon, but do no damage.
Your squeeze misses the komodo dragon.
The komodo dragon is heavily wounded.
The komodo dragon completely misses you.
You tentacle-slap the komodo dragon.
Your tentacle spike misses the komodo dragon.
You tentacle-slap the komodo dragon, but do no damage.
Your squeeze misses the komodo dragon.
The komodo dragon is heavily wounded.
The komodo dragon bites you!!
* * * LOW HITPOINT WARNING * * *
Casting: Beastly Appendage
Confirm with . or Enter, or press ? or * to list all spells.
Your tentacle spike disappears.
You turn into a venomous arachnid creature.
Your +2 hat melds into your body.
The komodo dragon bites you!!
You die...

#.P...#.. .....## ##.?
#........ ..
.....##.#.P...)..#...
... ....................
....#..(#.P#......##....
....#.#(#...... ......
............>.. .##P..[
.......l....... # ####.
.......s[...... ##
.........##.###
......##..#.# ..#.##
##...## ## . # ##....# .
###....## ### #.......##
#.###
#........######.#P.
#...P#.............


You could see a komodo dragon.

Vanquished Creatures
  Nergalle (Lair:1)
  A hill giant (D:10)
  An unseen horror (D:10)
  3 spiny frogs (Lair:1)
  A centaur skeleton (D:10)
  A fire drake (Lair:2)
  A troll (D:9)
  Sigmund (D:3)
  2 wyverns
  A yak (D:6)
  A deep elf mage (D:9)
  3 hippogriffs
  6 wolves (Lair:2)
  Menkaure (D:4)
  3 water moccasins
  2 porcupines (Lair:1)
  Duvessa (D:4)
  A phantom (D:6)
  An ogre (D:5)
  4 centaurs
  3 orc warriors
  7 giant frogs
  Blork the orc (D:4)
  A crocodile (Lair:2)
  Dowan (D:4)
  4 scorpions
  8 killer bees
  4 jellies
  3 crimson imps
  3 hounds
  A centaur zombie (D:6)
  9 orc wizards
  2 quasits
  Crazy Yiuf (D:4)
  An orc priest (D:5)
  A giant frog skeleton (D:8)
  2 iguanas
  7 worker ants
  2 hound zombies
  A hound skeleton (D:9)
  6 adders
  3 gnolls (D:6)
  2 shadow imps
  2 adder skeletons
  A worm (D:2)
  4 giant geckos
  26 orcs
  3 bat skeletons
  4 giant cockroaches
  11 goblins
  8 hobgoblins
  4 jackals (D:6)
  3 ball pythons
  17 bats
  A giant gecko zombie (D:8)
  8 giant newts
  13 kobolds
  3 quokkas
  14 rats
  4 butterflies (D:5)
  A fungus (D:8)
236 creatures vanquished.

Vanquished Creatures (others)
  A spectral orc (Lair:1)
  A butterfly (D:6)
2 creatures vanquished.

Grand Total: 238 creatures vanquished

Notes
Turn   | Place    | Note
--------------------------------------------------------------
     0 | D:1      | Hanyuu the Octopode Transmuter began the quest for the Orb.
     0 | D:1      | Reached XP level 1. HP: 13/13 MP: 3/3
   304 | D:1      | Reached XP level 2. HP: 16/18 MP: 5/5
   985 | D:2      | Reached XP level 3. HP: 23/23 MP: 6/6
   989 | D:2      | Learned a level 2 spell: Sticks to Snakes
   993 | D:2      | Learned a level 3 spell: Spider Form
  1010 | D:2      | Reached skill level 4 in Unarmed Combat
  1248 | D:3      | Noticed Sigmund
  1493 | D:3      | Killed Sigmund
  1493 | D:3      | Reached skill level 5 in Unarmed Combat
  1493 | D:3      | Reached XP level 4. HP: 8/30 MP: 0/7
  1493 | D:3      | Reached XP level 5. HP: 9/36 MP: 0/8
  2241 | D:4      | Reached XP level 6. HP: 42/42 MP: 9/9
  2304 | D:4      | Noticed Menkaure
  2313 | D:4      | Killed Menkaure
  2313 | D:4      | Reached skill level 6 in Unarmed Combat
  2341 | D:4      | Noticed Blork the orc
  2370 | D:4      | Killed Blork the orc
  2446 | D:4      | Reached XP level 7. HP: 39/47 MP: 10/10
  2463 | D:4      | Noticed Duvessa
  2467 | D:4      | Noticed Dowan
  2502 | D:4      | Killed Duvessa
  2525 | D:4      | Killed Dowan
  2652 | D:4      | Gained mutation: You possess an exceptional clarity of mind. [potion of beneficial mutation]
  2830 | D:4      | Found a sparkling altar of Nemelex Xobeh.
  2858 | D:4      | Noticed Crazy Yiuf
  2867 | D:4      | Killed Crazy Yiuf
  3344 | D:5      | Entered Level 5 of the Dungeon
  3483 | D:5      | Found a staircase to the Ecumenical Temple.
  3521 | Temple   | Entered the Ecumenical Temple
  3627 | Temple   | Became a worshipper of Makhleb the Destroyer
  3794 | D:5      | Reached skill level 5 in Fighting
  3794 | D:5      | Reached skill level 7 in Unarmed Combat
  3794 | D:5      | Reached XP level 8. HP: 53/55 MP: 7/11
  4299 | D:5      | Got an ivory hand axe
  4300 | D:5      | Identified the +5 hand axe of Waip {freeze, rC- Int+3 Dex+4} (You found it on level 5 of the Dungeon)
  5038 | D:6      | Acquired Makhleb's first power
  5270 | D:6      | Reached skill level 8 in Unarmed Combat
  5356 | D:6      | Reached XP level 9. HP: 34/61 MP: 10/12
  5405 | D:6      | Acquired Makhleb's second power
  5415 | D:6      | Reached skill level 5 in Transmutations
  5791 | D:6      | Reached skill level 9 in Unarmed Combat
  6090 | D:6      | Found a glowing silver altar of Zin.
  6526 | D:7      | Learned a level 3 spell: Conjure Flame
  6550 | D:7      | Reached skill level 1 in Invocations
  6705 | D:7      | Reached skill level 1 in Throwing
  6859 | D:7      | Acquired Makhleb's third power
  7321 | D:8      | Found a staircase to the Lair.
  7347 | D:8      | Reached skill level 5 in Dodging
  7404 | D:8      | Got a vibrating lead ring
  7405 | D:8      | Identified the ring "Toluf" {SustAt -Tele rPois rC+ Int+3} (You found it on level 8 of the Dungeon)
  7995 | D:9      | Reached skill level 10 in Unarmed Combat
  8032 | D:9      | Found a glowing silver altar of Zin.
  8048 | D:9      | Reached skill level 1 in Fire Magic
  8219 | D:9      | Reached XP level 10. HP: 63/66 MP: 14/14
  8392 | D:9      | Acquired Makhleb's fourth power
  8656 | D:9      | Got a polished glaive
  8657 | D:9      | Identified the +5 glaive "Undertaker" {venom, rC++ Int+4} (You found it on level 9 of the Dungeon)
  8816 | D:10     | Entered Level 10 of the Dungeon
  8976 | D:10     | Learned a level 3 spell: Mephitic Cloud
  9188 | D:10     | Reached skill level 11 in Unarmed Combat
  9245 | D:10     | Killed an unseen horror
  9245 | D:10     | Acquired Makhleb's fifth power
  9320 | D:10     | Noticed a hill giant
  9368 | D:10     | HP: 2/66 [hill giant/giant club (25)]
  9370 | D:10     | Killed a hill giant
 10060 | Lair:1   | Entered Level 1 of the Lair of Beasts
 10433 | Lair:1   | HP: 3/68 [spiny frog (20)]
 10437 | Lair:1   | Reached XP level 11. HP: 19/72 MP: 14/18
 10766 | Lair:1   | Reached skill level 5 in Spellcasting
 10859 | Lair:1   | Reached skill level 1 in Poison Magic
 11077 | Lair:1   | Noticed Nergalle
 11118 | Lair:1   | Killed Nergalle
 11118 | Lair:1   | Reached skill level 12 in Unarmed Combat
 11984 | Lair:2   | Slain by a komodo dragon

Vault maps used:
D:1:      dpeg_arrival_subterranean_lakeside_camping
D:3:      uniq_sigmund
D:4:      first_bread, nemelex_diamond_rough_becter, uniq_crazy_yiuf_cottage,
          uniq_menkaure, uniq_blork_the_orc, uniq_duvessa
D:5:      minmay_temple_entry_butterflies, hangedman_abyss_or_decor_lesser_grid,
          glass_columns_a, supply_closet_lemuel, minivault_26,
          serial_bayou_lake_a
D:6:      forest_paths, lemuel_statue_altar
D:8:      dpeg_oklobed_lair
D:9:      zin_academy
Temple:   kilobyte_greek_temple_18
Lair:1:   small_statue_intersection, grunt_forest_small_clearing_treed,
          uniq_nergalle

Action                   |  1- 3 |  4- 6 |  7- 9 | 10-12 || total
-------------------------+-------+-------+-------+-------++-------
Melee: Unarmed           |    79 |    22 |   366 |   221 ||   688
 Fire: Blowgun           |       |     9 |    65 |    60 ||   134
Throw: Javelin           |       |       |     4 |       ||     4
 Cast: Beastly Appendage |     1 |       |     2 |     4 ||     7
       Spider Form       |       |     1 |    18 |    16 ||    35
 Abil: End Transformatio |       |       |       |     2 ||     2
  Use: Scroll            |       |     4 |    19 |    10 ||    33
       Potion            |       |       |     1 |     4 ||     5
 Stab: Sleeping          |     5 |     4 |    14 |    16 ||    39
       Distracted        |       |       |     3 |     2 ||     5
  Eat: Chunk             |     2 |     3 |    17 |     7 ||    29
       Fruit             |       |       |     4 |       ||     4
       Meat ration       |       |       |       |     1 ||     1
       Pizza             |       |       |       |     1 ||     1
